ITL
TUSCALOOSA TROUT SLAYERS @ RICHMOND FLAIRS
09/08/2029
 
TOP OF THE 1ST
Tuscaloosa Trout Slayers batting - Pitching for Richmond Flairs : RHP Neil Snow
Pitching: RHP Neil Snow
Batting: RHB Alfredo Díaz 0-0: SINGLE (Groundball, 56S) (infield hit)
Batting: RHB José Fernández 0-0: Ball
1-0: Called Strike
1-1: Swinging Strike
1-2: Foul Ball, location: 2F
1-2: Strikes out swinging
Batting: LHB José Delgado 0-0: Ball
1-0: Foul Ball, location: 2F
1-1: Ball
2-1: Swinging Strike
2-2: Strikes out looking
Batting: LHB Ed Hart 0-0: Swinging Strike
0-1: Swinging Strike
0-2: Foul Ball, location: 2F
0-2: Foul Ball, location: 2F
0-2: Foul Ball, location: 2F
0-2: Ball
1-2: Foul Ball, location: 2F
1-2: Ground out 4-3 (Groundball, 4)
Top of the 1st over - 0 runs, 1 hit, 0 errors, 1 left on base; Tuscaloosa 0 - Richmond 0
BOTTOM OF THE 1ST
Richmond Flairs batting - Pitching for Tuscaloosa Trout Slayers : RHP Iván Maldonado
Pitching: RHP Iván Maldonado
Batting: RHB Gilberto Guzmán 0-0: Called Strike
0-1: Ball
1-1: SINGLE (Groundball, 56D)
Batting: LHB R.J. Courtney 0-0: Called Strike
0-1: Called Strike
0-2: Ball
1-2: Ball
2-2: Ball
3-2: Grounds into double play, 5-4-3 (Groundball, 56)
Batting: RHB Lonson Seals 0-0: Swinging Strike
0-1: Called Strike
0-2: SINGLE (Line Drive, 8RS)
Batting: LHB Roland Jones 0-0: Called Strike
0-1: Foul Ball, location: 2F
0-2: Ball
1-2: Ball
Lonson Seals steals 2nd base
2-2: SINGLE (Flyball, 7LS)
Lonson Seals to third
Runner from 3rd tries for Home, SAFE, throw made home
Roland Jones to second
Batting: LHB Claudio Rodríguez 0-0: Foul Ball, location: 2F
0-1: Ball
1-1: Foul Ball, location: 2F
1-2: Fly out, F7 (Flyball, 7LM)
Bottom of the 1st over - 1 run, 3 hits, 0 errors, 1 left on base; Tuscaloosa 0 - Richmond 1
TOP OF THE 2ND
Tuscaloosa Trout Slayers batting - Pitching for Richmond Flairs : RHP Neil Snow
Batting: RHB Shigemasa Ishida 0-0: Ball
1-0: Ball
2-0: Called Strike
2-1: SINGLE (Groundball, 6MD)
Batting: LHB Mark Owens 0-0: Called Strike
0-1: Called Strike
0-2: Ball
1-2: Fielders Choice at 2nd, 4-6 (Groundball, 4)
Batting: LHB Pedro Juárez 0-0: Called Strike
0-1: Ball
1-1: Foul Ball, location: 2F
1-2: Fly out, F5 (Popup, 25)
Batting: RHB Claudio Gonzáles 0-0: Ball
1-0: Ground out 6-3 (Groundball, 6S)
Top of the 2nd over - 0 runs, 1 hit, 0 errors, 1 left on base; Tuscaloosa 0 - Richmond 1
BOTTOM OF THE 2ND
Richmond Flairs batting - Pitching for Tuscaloosa Trout Slayers : RHP Iván Maldonado
Batting: RHB Miguel Hernández 0-0: Ball
1-0: Called Strike
1-1: Ball
2-1: SINGLE (Groundball, 6MD)
Batting: SHB Adrián Miranda 0-0: Ball
1-0: Swinging Strike
1-1: Ball
2-1: Swinging Strike
2-2: Fly out, F4 (Popup, 3D)
Batting: RHB Alejandro Ramos 0-0: Ball
1-0: Called Strike
1-1: Ball
2-1: SINGLE (Line Drive, 6M)
Miguel Hernández to second
Batting: LHB José Garza 0-0: Fielders Choice at 2nd, 4-6 (Groundball, 4)
Miguel Hernández to third
Batting: RHB Gilberto Guzmán 0-0: Ball
1-0: Called Strike
1-1: Ball
2-1: Ball
3-1: SINGLE (Groundball, 34D)
Miguel Hernández scores
José Garza to second
Runner from 2nd tries for 3rd, SAFE, throw made to third
Batting: LHB R.J. Courtney 0-0: Ball
1-0: Ball
2-0: Called Strike
2-1: Ball
3-1: Called Strike
3-2: Strikes out swinging
Bottom of the 2nd over - 1 run, 3 hits, 0 errors, 2 left on base; Tuscaloosa 0 - Richmond 2
TOP OF THE 3RD
Tuscaloosa Trout Slayers batting - Pitching for Richmond Flairs : RHP Neil Snow
Batting: RHB Iván Moreno 0-0: Fly out, F8 (Flyball, 8RD)
Batting: RHB Alfredo Díaz 0-0: Ball
1-0: SINGLE (Line Drive, 6MD)
Batting: RHB José Fernández 0-0: Foul Ball, location: 2F
0-1: Called Strike
0-2: Foul Ball, location: 2F
0-2: Ball
1-2: Foul Ball, location: 2F
1-2: Ball
2-2: Strikes out swinging
Batting: LHB José Delgado 0-0: Ball
1-0: Ground out U3 (Groundball, 3L)
Top of the 3rd over - 0 runs, 1 hit, 0 errors, 1 left on base; Tuscaloosa 0 - Richmond 2
BOTTOM OF THE 3RD
Richmond Flairs batting - Pitching for Tuscaloosa Trout Slayers : RHP Iván Maldonado
Batting: RHB Lonson Seals 0-0: Called Strike
0-1: Called Strike
0-2: Ball
1-2: SINGLE (Line Drive, 56)
Batting: LHB Roland Jones 0-0: Ball
1-0: Called Strike
1-1: Called Strike
Lonson Seals steals 2nd base
1-2: Fly out, F7 (Line Drive, 7D)
Batting: LHB Claudio Rodríguez 0-0: Foul Ball, location: 2F
0-1: Ball
1-1: Foul Ball, location: 2F
1-2: Foul Ball, location: 2F
1-2: Strikes out looking
Batting: RHB Miguel Hernández 0-0: Ground out U3 (Groundball, 34S)
Bottom of the 3rd over - 0 runs, 1 hit, 0 errors, 1 left on base; Tuscaloosa 0 - Richmond 2
TOP OF THE 4TH
Tuscaloosa Trout Slayers batting - Pitching for Richmond Flairs : RHP Neil Snow
Batting: LHB Ed Hart 0-0: Ground out U3 (Groundball, 3L)
Batting: RHB Shigemasa Ishida 0-0: Called Strike
0-1: Swinging Strike
0-2: Ball
1-2: Strikes out swinging
Batting: LHB Mark Owens 0-0: Ball
1-0: Foul Ball, location: 2F
1-1: Foul Ball, location: 2F
1-2: Foul Ball, location: 2F
1-2: Ball
2-2: Strikes out swinging
Top of the 4th over - 0 runs, 0 hits, 0 errors, 0 left on base; Tuscaloosa 0 - Richmond 2
BOTTOM OF THE 4TH
Richmond Flairs batting - Pitching for Tuscaloosa Trout Slayers : RHP Iván Maldonado
Batting: SHB Adrián Miranda 0-0: DOUBLE (Flyball, 78XD)
Batting: RHB Alejandro Ramos 0-0: Ball
1-0: Ball
2-0: Ball
3-0: Base on Balls
Batting: LHB José Garza 0-0: Ball
1-0: Ball
2-0: Foul Ball, location: 2F
2-1: Called Strike
2-2: Ball
3-2: SINGLE (Line Drive, 4D)
Adrián Miranda to third
Alejandro Ramos to second
Batting: RHB Gilberto Guzmán 0-0: Ball
1-0: Foul Ball, location: 2F
1-1: Fly out, F9 (Flyball, 9)
Runner from 3rd tags up, SCORES, throw made
Batting: LHB R.J. Courtney 0-0: Ball
1-0: Foul Ball, location: 2F
1-1: Ball
2-1: Ball
3-1: Base on Balls
Alejandro Ramos to third
José Garza to second
Batting: RHB Lonson Seals 0-0: Called Strike
0-1: Ball
1-1: Called Strike
1-2: Ball
2-2: Fly out, F8 (Flyball, 8RD)
Runner from 3rd tags up, SCORES, throw made
Batting: LHB Roland Jones 0-0: Called Strike
0-1: Foul Ball, location: 2F
0-2: Ground out 6-3 (Groundball, 6)
Bottom of the 4th over - 2 runs, 2 hits, 0 errors, 2 left on base; Tuscaloosa 0 - Richmond 4
TOP OF THE 5TH
Tuscaloosa Trout Slayers batting - Pitching for Richmond Flairs : RHP Neil Snow
Batting: LHB Pedro Juárez 0-0: Swinging Strike
0-1: Ball
1-1: Foul Ball, location: 2F
1-2: SOLO HOME RUN (Flyball, 89XD), Distance : 392 ft
Batting: RHB Claudio Gonzáles 0-0: Ball
1-0: Ball
2-0: Fly out, F9 (Flyball, 89M)
Batting: RHB Iván Moreno 0-0: Ball
1-0: Called Strike
1-1: Foul Ball, location: 2F
1-2: Ball
2-2: Foul Ball, location: 2F
2-2: Foul Ball, location: 2F
2-2: Strikes out swinging
Batting: RHB Alfredo Díaz 0-0: Ball
1-0: Foul Ball, location: 2F
1-1: Foul Ball, location: 2F
1-2: Ball
2-2: Strikes out swinging
Top of the 5th over - 1 run, 1 hit, 0 errors, 0 left on base; Tuscaloosa 1 - Richmond 4
BOTTOM OF THE 5TH
Richmond Flairs batting - Pitching for Tuscaloosa Trout Slayers : RHP Iván Maldonado
Pitching: LHP Kelly Henry
Batting: LHB Claudio Rodríguez 0-0: Called Strike
0-1: Ball
1-1: Foul Ball, location: 2F
1-2: Fly out, F9 (Flyball, 9LMF)
Batting: RHB Miguel Hernández 0-0: Called Strike
0-1: Called Strike
0-2: Ball
1-2: Foul Ball, location: 2F
1-2: Foul Ball, location: 2F
1-2: Foul Ball, location: 2F
1-2: Ball
2-2: Fly out, F8 (Flyball, 8LS)
Batting: SHB Adrián Miranda 0-0: Ball
1-0: Foul Ball, location: 2F
1-1: Ball
2-1: Fly out, F8 (Flyball, 8RS)
Bottom of the 5th over - 0 runs, 0 hits, 0 errors, 0 left on base; Tuscaloosa 1 - Richmond 4
TOP OF THE 6TH
Tuscaloosa Trout Slayers batting - Pitching for Richmond Flairs : RHP Neil Snow
Batting: RHB José Fernández 0-0: DOUBLE (Flyball, 8RXD)
Batting: LHB José Delgado 0-0: Ball
1-0: Ball
2-0: Foul Ball, location: 2F
2-1: Swinging Strike
2-2: Strikes out looking
Batting: LHB Ed Hart 0-0: 2-RUN HOME RUN (Flyball, 9D), Distance : 353 ft
Batting: RHB Shigemasa Ishida 0-0: Called Strike
0-1: Foul Ball, location: 2F
0-2: Foul Ball, location: 2F
0-2: Ball
1-2: Foul Ball, location: 2F
1-2: Ball
2-2: Foul Ball, location: 2F
2-2: Strikes out swinging
Batting: LHB Mark Owens 0-0: Called Strike
0-1: Fly out, F3 (Line Drive, 34)
Top of the 6th over - 2 runs, 2 hits, 0 errors, 0 left on base; Tuscaloosa 3 - Richmond 4
BOTTOM OF THE 6TH
Richmond Flairs batting - Pitching for Tuscaloosa Trout Slayers : LHP Kelly Henry
Batting: RHB Alejandro Ramos 0-0: Called Strike
0-1: Foul Ball, location: 2F
0-2: Strikes out swinging
Batting: LHB José Garza 0-0: Called Strike
0-1: Called Strike
0-2: Ball
1-2: Fly out, F7 (Flyball, 78M)
Batting: RHB Gilberto Guzmán 0-0: Called Strike
0-1: Ball
1-1: Ground out 4-3 (Groundball, 4)
Bottom of the 6th over - 0 runs, 0 hits, 0 errors, 0 left on base; Tuscaloosa 3 - Richmond 4
TOP OF THE 7TH
Tuscaloosa Trout Slayers batting - Pitching for Richmond Flairs : RHP Neil Snow
Batting: LHB Pedro Juárez 0-0: Ball
1-0: Swinging Strike
1-1: Swinging Strike
1-2: Ground out 6-3 (Groundball, 6D)
Batting: RHB Claudio Gonzáles 0-0: Foul Ball, location: 2F
0-1: Foul Ball, location: 2F
0-2: Fly out, F6 (Line Drive, 6)
Batting: RHB Iván Moreno 0-0: Ball
1-0: Foul Ball, location: 2F
1-1: Foul Ball, location: 2F
1-2: Strikes out swinging
Top of the 7th over - 0 runs, 0 hits, 0 errors, 0 left on base; Tuscaloosa 3 - Richmond 4
BOTTOM OF THE 7TH
Richmond Flairs batting - Pitching for Tuscaloosa Trout Slayers : LHP Kelly Henry
Batting: LHB R.J. Courtney 0-0: Ball
1-0: Fly out, F8 (Flyball, 8RS)
Batting: RHB Lonson Seals 0-0: Swinging Strike
0-1: Ball
1-1: Ball
2-1: Ball
3-1: Base on Balls
Batting: LHB Roland Jones 0-0: Called Strike
Lonson Seals steals 2nd base
0-1: Ground out 4-3 (Groundball, 34D)
Lonson Seals to third
Pinch Hitting: RHB Liangde Que 0-0: Ball
1-0: Fly out, F3 (Popup, 3SF)
Bottom of the 7th over - 0 runs, 0 hits, 0 errors, 1 left on base; Tuscaloosa 3 - Richmond 4
TOP OF THE 8TH
Tuscaloosa Trout Slayers batting - Pitching for Richmond Flairs : RHP Neil Snow
Pitching: LHP José Morán
Now at 1B: Liangde Que
Now at 2B: Juan López
Batting: RHB Alfredo Díaz 0-0: Ball
1-0: Called Strike
1-1: Ball
2-1: Called Strike
2-2: SINGLE (Groundball, 56D)
Batting: RHB José Fernández 0-0: Bunted foul
0-1: Ball
1-1: Sac Bunt - play at first, batter OUT! 5-4
Alfredo Díaz to second
Pinch Hitting: RHB Kyle O'Day 0-0: Ball
1-0: Ball
2-0: Ball
3-0: 2-RUN HOME RUN (Flyball, 7LD), Distance : 346 ft
Pitching: RHP Brendan Green
Batting: LHB Ed Hart 0-0: Called Strike
0-1: Fly out, F5 (Flyball, 5D)
Batting: RHB Shigemasa Ishida 0-0: Called Strike
0-1: Ball
1-1: Swinging Strike
1-2: DOUBLE (Line Drive, 9LS)
Batting: LHB Mark Owens 0-0: Called Strike
0-1: Foul Ball, location: 2F
0-2: Foul Ball, location: 2F
0-2: Ball
1-2: Ground out 3-1 (Groundball, 34)
Top of the 8th over - 2 runs, 3 hits, 0 errors, 1 left on base; Tuscaloosa 5 - Richmond 4
BOTTOM OF THE 8TH
Richmond Flairs batting - Pitching for Tuscaloosa Trout Slayers : LHP Kelly Henry
Now in LF: Lynn Ford
Now in RF: Mark McDonald
Batting: RHB Miguel Hernández 0-0: Swinging Strike
0-1: Ground out 4-3 (Groundball, 34S)
Batting: SHB Adrián Miranda 0-0: Called Strike
0-1: Called Strike
0-2: Strikes out swinging
Batting: RHB Alejandro Ramos 0-0: Swinging Strike
0-1: Ball
1-1: Ball
2-1: Foul Ball, location: 2F
2-2: Foul Ball, location: 2F
2-2: Strikes out swinging
Bottom of the 8th over - 0 runs, 0 hits, 0 errors, 0 left on base; Tuscaloosa 5 - Richmond 4
TOP OF THE 9TH
Tuscaloosa Trout Slayers batting - Pitching for Richmond Flairs : RHP Brendan Green
Pitching: RHP Robinson Ramírez
Batting: LHB Pedro Juárez 0-0: Swinging Strike
0-1: Ball
1-1: Called Strike
1-2: SINGLE (Groundball, 6MD)
Batting: RHB Claudio Gonzáles 0-0: Foul Ball, location: 2F
0-1: Swinging Strike
0-2: Strikes out looking
Pinch Hitting: RHB Jason Erickson 0-0: Ball
1-0: Ball
2-0: Fly out, F5 (Popup, 5SF)
Batting: RHB Alfredo Díaz 0-0: Called Strike
0-1: Ball
1-1: Called Strike
1-2: Strikes out swinging
Top of the 9th over - 0 runs, 1 hit, 0 errors, 1 left on base; Tuscaloosa 5 - Richmond 4
BOTTOM OF THE 9TH
Richmond Flairs batting - Pitching for Tuscaloosa Trout Slayers : LHP Kelly Henry
Pitching: LHP Luis López
Now at SS: José Ortega
Pinch Hitting: RHB Jack Ray 0-0: Swinging Strike
0-1: Called Strike
0-2: Ground out 6-3 (Groundball, 6)
Batting: RHB Gilberto Guzmán 0-0: Ball
1-0: Foul Ball, location: 2F
1-1: Foul Ball, location: 2F
1-2: Ground out 5-3 (Groundball, 56)
Pinch Hitting: RHB R.J. Crosby 0-0: Ball
1-0: Foul Ball, location: 2F
1-1: Ball
2-1: SINGLE (Groundball, 34) (infield hit)
Pinch Runner at 1st David Suarze:
Batting: RHB Juan López 0-0: Ball
1-0: Ground out 5-3 (Groundball, 56S)
Bottom of the 9th over - 0 runs, 1 hit, 0 errors, 1 left on base; Tuscaloosa 5 - Richmond 4
Saturday, December 16th, 2017 - OOTP Baseball 18.8 Build 76